 Dungeon Crawl Stone Soup version 0.31-a0-234-gad7ace16ef (webtiles) character file.

Game seed: 16513427959183239057

23 qw the Shooter (level 2, 0/24 HPs)
             Began as a Minotaur Hexslinger on July 9, 2023.
             Slain by Terence
             ... wielding a +0 falchion
              (6 damage)
             ... on level 2 of the Dungeon.
             The game lasted 00:00:17 (468 turns).

qw the Shooter (Minotaur Hexslinger)                 Turns: 468, Time: 00:00:18

Health: 0/24       AC:  2    Str: 12    XL:     2   Next: 72%
Magic:  2/2        EV: 12    Int: 10    God:
Gold:   52         SH:  0    Dex: 12    Spells: 2/3 levels left

rFire   . . .        a - +1 sling
rCold   . . .        (no shield)
rNeg    . . .        c - +0 robe
rPois   .            (helmet restricted)
rElec   .            (no cloak)
rCorr   .            (no gloves)
SInv    .            (no boots)
Will    .....        (no amulet)
Stlth   +            (no ring)
HPRegen 0.24/turn    (no ring)
MPRegen 0.08/turn

%: no passive effects
@: no status effects
A: horns 2, retaliatory headbutt
a: no special abilities


You were on level 2 of the Dungeon.
You visited 1 branch of the dungeon, and saw 2 of its levels.

You collected 52 gold pieces.


Innate Abilities, Weirdness & Mutations

You have a pair of horns on your head.
You reflexively headbutt those who attack you in melee.


   Skills:
 - Level 2.0 Fighting
 + Level 3.3 Ranged Weapons
 - Level 2.1 Dodging
 - Level 1.0 Spellcasting
 - Level 2.0 Hexes


You had 2 spell levels left.
You knew the following spells:

 Your Spells              Type           Power      Damage    Failure   Level
a - Slow                  Hex            16%        N/A       16%         1

Your spell library contained the following spells:

 Spells                   Type           Power      Damage    Failure   Level
 Inner Flame              Hex/Fire       2%         N/A       56%         3
 Portal Projectile        Hex/Tloc       4%         N/A       56%         3
 Cause Fear               Hex            2%         N/A       83%         4

Inventory:

Hand Weapons
 a - a +1 sling (weapon)
Armour
 c - a +0 robe (worn)
 f - a +0 leather armour
Scrolls
 b - a scroll of poison
 d - a scroll of vulnerability {unknown}
 e - a scroll of brand weapon {unknown}
Potions
 g - 2 potions of heal wounds {unknown}
 h - a potion of curing {unknown}

Dungeon Overview and Level Annotations

Branches:
Dungeon (1/15)

Altars:

Annotations:
D:2 Terence


Message History

425 ||| FLEEEEING.
Enter note:
Enter note:
Enter note:
426 ||| FLEEEEING.
427 ||| FLEEEEING.
Enter note:
Enter note:
Enter note:
428 ||| STILL FLEEEEING.
429 ||| FLEEEEING.
You shoot a sling bullet.
The sling bullet closely misses the hobgoblin.
You shoot a sling bullet. The sling bullet hits the hobgoblin.
You kill the hobgoblin!
You start resting.
HP restored.
You see here a jackal skeleton.
A sourceless malevolence fills the Dungeon...
You fall into a shaft and drop 1 floor!
The shaft crumbles and collapses.
Terence the Incautious comes into view.
He is wielding a +0 falchion.
Waypoint 1 assigned to D:2.
You shoot a sling bullet. The sling bullet hits Terence.
Terence shouts!
Terence is moderately wounded.
You shoot a sling bullet. The sling bullet hits Terence!
Terence is severely wounded.
Terence closely misses you.
You shoot a sling bullet.
The sling bullet closely misses Terence.
Terence hits you with a +0 falchion!
You shoot a sling bullet.
The sling bullet hits Terence but does no damage.
Terence is severely wounded.
Terence screams, "I'm going to kill you!"
Terence barely misses you.
You shoot a sling bullet. The sling bullet hits Terence.
Terence is severely wounded.
Terence hits you with a +0 falchion! Terence hits you with a +0 falchion.
You die...

### .#
#.. ..
#.# .#
#.# #.#
#.# ..
#.# .#
#.##@##.#
#..@....#
####.####
.# .# .#
.# .# .#


You could see Terence.

Vanquished Creatures
  A bat (D:1)
  2 endoplasms (D:1)
  A giant cockroach (D:1)
  3 hobgoblins (D:1)
  6 jackals (D:1)
  4 ball pythons (D:1)
  A kobold (D:1)
18 creatures vanquished.

Notes
Turn   | Place    | Note
-------+----------+-------------------------------------------
     0 | D:1      | qw the Minotaur Hexslinger began the quest for the Orb.
     0 | D:1      | Reached XP level 1. HP: 16/16 MP: 1/1
     0 | D:1      | 0 ||| qw: Version: 0.3-a-51-g015441d
     0 | D:1      | 0 ||| qw: Game counter: 4231
     0 | D:1      | 0 ||| qw: Melee chars always use a shield: true
     0 | D:1      | 0 ||| qw: God list: Okawaru
     0 | D:1      | 0 ||| qw: Allow faded altars: false
     0 | D:1      | 0 ||| qw: Do Orc after clearing Dungeon:15 true
     0 | D:1      | 0 ||| qw: Do second Lair branch before Depths: true
     0 | D:1      | 0 ||| qw: Lair rune preference: random
     0 | D:1      | 0 ||| qw: Goals: Normal
     0 | D:1      | 0 ||| PLANNING D:1-11
   112 | D:1      | Reached skill level 3 in Ranged Weapons
   115 | D:1      | Reached XP level 2. HP: 17/23 MP: 2/2
   349 | D:1      | HP: 2/24 [hobgoblin (5)]
   385 | D:1      | 385 ||| FLEEEEING.
   386 | D:1      | 386 ||| FLEEEEING.
   388 | D:1      | 388 ||| FLEEEEING.
   389 | D:1      | 389 ||| FLEEEEING.
   390 | D:1      | 390 ||| FLEEEEING.
   391 | D:1      | 391 ||| FLEEEEING.
   392 | D:1      | 392 ||| FLEEEEING.
   393 | D:1      | 393 ||| FLEEEEING.
   394 | D:1      | 394 ||| FLEEEEING.
   395 | D:1      | 395 ||| FLEEEEING.
   396 | D:1      | 396 ||| FLEEEEING.
   397 | D:1      | 397 ||| FLEEEEING.
   398 | D:1      | 398 ||| FLEEEEING.
   399 | D:1      | 399 ||| FLEEEEING.
   400 | D:1      | 400 ||| FLEEEEING.
   408 | D:1      | 408 ||| FLEEEEING.
   421 | D:1      | 421 ||| FLEEEEING.
   422 | D:1      | 422 ||| FLEEEEING.
   423 | D:1      | 423 ||| FLEEEEING.
   424 | D:1      | 424 ||| FLEEEEING.
   425 | D:1      | 425 ||| FLEEEEING.
   426 | D:1      | 426 ||| FLEEEEING.
   427 | D:1      | 427 ||| FLEEEEING.
   429 | D:1      | 429 ||| FLEEEEING.
   461 | D:1      | You fall into a shaft and drop 1 floor!
   463 | D:2      | Noticed Terence
   468 | D:2      | HP: 6/24 [Terence/+0 falchion (7)]
   468 | D:2      | Slain by Terence

Levels and vault maps discovered:
D:1:      dpeg_arrival_rooms_with_view, layout_basic, lemuel_flame_loot_1
D:2:      layout_loops_cross, basic_ecumenical_altar, basic_altar,
          kennysheep_another_room, uniq_terence

Skill      XL: |  1  2 |
---------------+-------+-----
Ranged Weapons | 3 |  3.3
Fighting       | 2 |  2.0
Dodging        | |  2.1
Spellcasting   | |  1.0
Hexes          | |  2.0

Action                     || total
---------------------------++-------
   Fire: Sling             ||    57
 Armour: Robe              ||     5
  Dodge: Dodged            ||    15

Table legend:
 A = Non-vault XP
 B = Vault XP
 C = Vault XP percentage of total XP
 D = Non-vault monster count
 E = Vault monster count
 F = Vault count percentage of total count
                 A         B        C        D         E       F
            +---------+---------+-------+---------+---------+-------
      Total |      29 |       4 |  12.1 |      16 |       2 |  11.1
            +---------+---------+-------+---------+---------+-------
        D:1 |      29 |       4 |  12.1 |      16 |       2 |  11.1
            +---------+---------+-------+---------+---------+-------
